 Dungeon Crawl Stone Soup version 0.31.0-1-g2c135a0 (webtiles) character file.

Game seed: 12067831766724779885

542 edsrzf the Slasher (level 7, -2/47 HPs)
             Began as an Octopode Reaver on Jan 31, 2024.
             Slain by a mummy (16 damage)
             ... in an ossuary.
             The game lasted 00:06:24 (2791 turns).

edsrzf the Slasher (Octopode Reaver)                Turns: 2791, Time: 00:06:24

Health: -2/47      AC:  1    Str: 11    XL:     7   Next: 27%
Magic:  12/12      EV: 14    Int: 17    God:
Gold:   222        SH:  0    Dex: 17    Spells: 12/13 levels left

rFire   . . .        b - +0 short sword (venom)
rCold   + . .        (no shield)
rNeg    . . .        (helmet restricted)
rPois   .            s - amulet of the acrobat
rElec   .            x - +6 ring of dexterity
rCorr   .            n - ring of willpower
SInv    .            o - ring of protection from cold
Will    +....        u - ring of wizardry
Stlth   +++          (no ring)
HPRegen 0.27/turn    (no ring)
MPRegen 0.13/turn    (no ring)
                     (no ring)

%: acrobat, wizardry (x1)
@: no status effects
A: almost no armour, amphibious, 8 rings, camouflage 1, gelatinous body 1,
(nimble swimmer 1), tentacles
a: no special abilities


You were in an ossuary.
You visited 1 branch of the dungeon, and saw 4 of its levels.
You also visited: Ossuary.

You collected 222 gold pieces.

Inventory:

Hand Weapons
 a - a +0 falchion
 b - a +0 short sword of venom (weapon)
Missiles
 f - a throwing net {=f}
 l - 2 poisoned darts
Jewellery
 n - a ring of willpower (right tentacle)
 o - a ring of protection from cold (on tentacle)
 s - an amulet of the acrobat (around mantle)
 u - a ring of wizardry (on tentacle)
 x - a +6 ring of dexterity (left tentacle)
Scrolls
 c - 2 scrolls of fear {unknown}
 d - 2 scrolls of amnesia {unknown}
 e - a scroll of enchant armour {unknown}
 h - 6 scrolls of teleportation
 i - a scroll of brand weapon {unknown}
 j - a scroll of vulnerability {unknown}
 m - 2 scrolls of blinking {unknown}
 p - a scroll of butterflies {unknown}
 q - a scroll of enchant weapon {unknown}
 t - a scroll of immolation {unknown}
 w - a scroll of poison {unknown}
Potions
 g - a potion of resistance
 k - 3 potions of haste
 v - a potion of enlightenment


   Skills:
 + Level 3.8 Fighting
 + Level 4.4 Long Blades
 + Level 3.8 Dodging
 + Level 3.5 Spellcasting
 + Level 4.4 Conjurations


You had 12 spell levels left.
You knew the following spells:

 Your Spells              Type           Power      Damage    Failure   Level
a - Kiss of Death         Conj/Necr      40%        2d8       2%          1

Your spell library contained the following spells:

 Spells                   Type           Power      Damage    Failure   Level
 Momentum Strike          Conj/Tloc      20%        3d8       4%          2
 Hailstorm                Conj/Ice       10%        3d6       9%          3


Dungeon Overview and Level Annotations

Branches:
Dungeon (4/15)            Ossuary (1/1)
 Temple: D:4-7

Altars:
Nemelex Xobeh
Yredelemnul


Innate Abilities, Weirdness & Mutations

You cannot wear most types of armour.
You are amphibious.
You can wear up to eight rings at the same time.
Your skin changes colour to match your surroundings (Stealth+).
Your rubbery body absorbs attacks. (AC +1, EV +1)
((You are camouflaged when in or above water. (Stealth+)))
You have tentacles for arms and can constrict up to eight enemies at once.


Message History

The bullfrog zombie completely misses you.
You hit the bullfrog zombie. You squeeze the bullfrog zombie.
The bullfrog zombie is heavily damaged.
You constrict the bullfrog zombie. The bullfrog zombie misses you.
You hit the bullfrog zombie.
You squeeze the bullfrog zombie, but do no damage.
The bullfrog zombie is severely damaged.
You constrict the bullfrog zombie. The bullfrog zombie hits you.
You hit the bullfrog zombie. You tentacle-slap the bullfrog zombie.
The bullfrog zombie is almost destroyed.
You constrict the bullfrog zombie.
You destroy the bullfrog zombie!
A mummy comes into view.
You open the door.
A bog mummy and 2 mummies come into view.
You hit the mummy. Your grab misses the mummy.
The mummy is moderately damaged.
The mummy hits you.
You hit the mummy but do no damage. You grab the mummy.
The mummy is moderately damaged.
You constrict the mummy. You hit the mummy.
The mummy is heavily damaged.
You constrict the mummy. The mummy hits you!
You hit the mummy but do no damage.
The mummy is heavily damaged.
You constrict the mummy. You hit the mummy but do no damage.
The mummy is heavily damaged.
You constrict the mummy. The mummy misses you.
You hit the mummy but do no damage.
The mummy is heavily damaged.
You constrict the mummy, but do no damage.
You completely miss the mummy. You squeeze the mummy.
The mummy is severely damaged.
You constrict the mummy.
The mummy struggles to escape constriction.
A howler monkey zombie comes into view.
You hit the mummy.
The mummy is almost destroyed.
You constrict the mummy.
You destroy the mummy!
You hit the howler monkey zombie. You grab the howler monkey zombie.
You squeeze the howler monkey zombie!
The howler monkey zombie is heavily damaged.
You constrict the howler monkey zombie.
The howler monkey zombie barely misses you.
A bullfrog zombie comes into view.
You hit the howler monkey zombie.
The howler monkey zombie is severely damaged.
You constrict the howler monkey zombie.
The howler monkey zombie closely misses you.
You hit the howler monkey zombie.
You destroy the howler monkey zombie!
You start resting.
There are monsters nearby!
You hit the mummy. You grab the mummy.
The mummy is lightly damaged.
You constrict the mummy, but do no damage.
You hit the mummy.
The mummy is moderately damaged.
You constrict the mummy. The mummy hits you but does no damage.
You hit the mummy.
The mummy is heavily damaged.
You constrict the mummy.
The mummy escapes!
You hit the mummy but do no damage. You grab the mummy.
The mummy is heavily damaged.
You constrict the mummy. You hit the bullfrog zombie.
You grab the bullfrog zombie. You squeeze the bullfrog zombie!
The bullfrog zombie is moderately damaged.
You constrict the bullfrog zombie.
You constrict the mummy, but do no damage.
The bullfrog zombie hits you.
You lose your grip on the bullfrog zombie.
The mummy barely misses you.
You closely miss the mummy. Your grab misses the mummy.
You constrict the mummy. You hit the mummy but do no damage.
You grab the mummy. You constrict the mummy.
You constrict the mummy, but do no damage.
The mummy hits you!!
* * * LOW HITPOINT WARNING * * *
You feel better.
You constrict the mummy.
You constrict the mummy, but do no damage.
Press: ? - help, v - describe, . - travel
Here: a mummy (constricted by you)
The floor.
You hit the mummy.
You destroy the mummy!
You constrict the mummy. The mummy closely misses you.
Unknown command.
You hit the mummy. You squeeze the mummy.
The mummy is moderately damaged.
You constrict the mummy. You hit the mummy.
The mummy is heavily damaged.
You constrict the mummy, but do no damage.
The mummy hits you!
You die...

#...#.'.#
#.∩.#.###
#∩..#.'.#
#+#####.###
.~.~~...'.#
#~#####.###
#.. #.'.# #.M
#.### #M.
#@'.#
+##'##M##M###
~....Z...Z'.#
~.#+#'#'#'###
# #.#.# #####


You could see a mummy and a bullfrog zombie.

Vanquished Creatures
  A black bear (D:4)
  A scorpion (D:4)
  A bullfrog zombie (Ossuary)
  A hound (D:4)
  Crazy Yiuf (D:2)
  2 iguanas (D:4)
  2 hound zombies (Ossuary)
  2 mummies (Ossuary)
  5 howler monkey zombies (Ossuary)
  6 adders
  2 ribbon worms (D:2)
  A dart slug (D:2)
  An orc (D:4)
  6 ball pythons
  6 bats
  4 endoplasms
  5 giant cockroaches
  4 goblins
  9 hobgoblins
  4 jackals (D:1)
  4 kobolds
  5 quokkas
  3 ball python zombies (Ossuary)
  5 frilled lizards
  6 rats
87 creatures vanquished.

Notes
Turn   | Place    | Note
-------+----------+-------------------------------------------
     0 | D:1      | edsrzf the Octopode Reaver began the quest for the Orb.
     0 | D:1      | Reached XP level 1. HP: 14/14 MP: 3/3
   209 | D:1      | Reached XP level 2. HP: 19/19 MP: 5/5
   457 | D:1      | Reached XP level 3. HP: 16/24 MP: 6/6
   966 | D:2      | Reached XP level 4. HP: 30/30 MP: 7/7
  1196 | D:2      | Found a sparkling altar of Nemelex Xobeh.
  1340 | D:2      | Found a runed translucent door.
  1341 | D:2      | Noticed Crazy Yiuf
  1351 | D:2      | Killed Crazy Yiuf
  1812 | D:3      | Reached XP level 5. HP: 30/36 MP: 9/9
  1967 | D:3      | Found a basalt altar of Yredelemnul.
  2351 | D:4      | Reached skill level 3 in Fighting
  2351 | D:4      | Reached skill level 3 in Dodging
  2388 | D:4      | Identified 7 scrolls of teleportation
  2389 | D:4      | Identified 4 scrolls of identify
  2389 | D:4      | Identified a potion of resistance
  2390 | D:4      | Identified a potion of haste
  2391 | D:4      | Identified a potion of curing
  2392 | D:4      | Identified a potion of enlightenment
  2467 | D:4      | Reached skill level 3 in Spellcasting
  2467 | D:4      | Reached skill level 4 in Conjurations
  2467 | D:4      | Reached XP level 6. HP: 29/42 MP: 10/10
  2491 | D:4      | Noticed a black bear
  2499 | D:4      | Killed a black bear
  2500 | D:4      | Reached skill level 4 in Long Blades
  2672 | D:4      | Found a sand-covered staircase.
  2689 | Ossuary  | Entered an ossuary
  2726 | Ossuary  | Reached XP level 7. HP: 46/46 MP: 12/12
  2791 | Ossuary  | Slain by a mummy

Illustrated notes

Levels and vault maps discovered:
D:1:      spicycebolla_arrival_ecumenical, layout_basic, grunt_decor_cap,
          amcnicky_mini_corridor_feature
D:2:      kennysheep_big_flooded_room, layout_loops_ring, basic_altar,
          minmay_misc_feat_diagonals, serial_park_tiny_2, eino_tiny_chamber,
          chequers_serial_rivers_micro_c, minmay_randomly_rotated_circles,
          uniq_crazy_yiuf_cottage
D:3:      layout_basic, mainiacjoe_overflow_small_starburst
D:4:      layout_loops_corners, fedhas_altar_2,
          minmay_temple_entry_antechambers, chequers_ossuary_entry_cave
Ossuary:  ossuary_zaba_flooded

Skill      XL: |  1  2  3  4  5  6 |
---------------+-------------------+-----
Fighting       | 3 |  3.8
Dodging        | 3 |  3.8
Spellcasting   | 3 |  3.5
Conjurations   | 4 |  4.4
Long Blades    | 4 |  4.4

Action                     |  1- 3 |  4- 6 |  7- 9 || total
---------------------------+-------+-------+-------++-------
  Melee: Falchion          |    71 |    64 |       ||   135
         Constrict         |    21 |    26 |    12 ||    59
         Tentacles         |    12 |    28 |    15 ||    55
         Punch             |       |     3 |     2 ||     5
         Short sword       |       |    27 |    46 ||    73
  Throw: Dart              |       |     3 |       ||     3
   Cast: Kiss of Death     |       |     1 |       ||     1
    Use: Scroll            |       |     5 |       ||     5
         Potion            |       |       |     1 ||     1
   Stab: Sleeping          |     8 |    12 |       ||    20
         Distracted        |       |     2 |       ||     2
 Armour: Skin              |    22 |    30 |    12 ||    64
  Dodge: Dodged            |    48 |    61 |    21 ||   130
